 Dungeon Sprint DCSS version 0.30-a0-881-g1ff12e1e11 (webtiles) character file.

Game seed: 10257058130711674460

1356 testman the Basher (level 8, -3/145 HPs)
             Began as a Troll Berserker on Mar 14, 2023.
             Was a Priest of Trog.
             Slain by a demonic crawler (4 damage)
             ... in the Dungeon (Sprint I: "Red Sonja").
             The game lasted 00:03:14 (318 turns).

testman the Basher (Troll Berserker)                 Turns: 318, Time: 00:03:15

Health: -3/145     AC:  4    Str: 28    XL:     8   Next: 37%
Magic:  7/7        EV: 10    Int:  3    God:    Trog [***...]
Gold:   405        SH:  0    Dex:  9    Spells: 7/7 levels left

rFire   . . .      SeeInvis .    i - +0 giant club
rCold   . . .      Faith    .    (shield currently unavailable)
rNeg    . . .      Spirit   .    b - +0 animal skin
rPois   .          Reflect  .    (helmet restricted)
rElec   .          Rampage  .    (no cloak)
rCorr   .          NoTele   +    (gloves unavailable)
Will    ++...                    (boots unavailable) Stlth
                                 (no amulet)
HPRegen 2.24/turn                (no ring)
MPRegen 0.10/turn                (no ring)

@: berserking, strong-willed, regenerating, very quick
A: large, unfitting armour, claws 3, regeneration 1, shaggy fur 1, tough skin 1
a: Renounce Religion, Berserk, Trog's Hand


You were in the Dungeon.
You worshipped Trog.
Trog was most pleased with you.
You visited 1 branch You collected 405 gold pieces.

Inventory:

Hand Weapons
 a - a +0 mace
 i - a +0 giant club (weapon)
Missiles
 j - 2 boomerangs (quivered)
Armour
 b - a +0 animal skin (worn)
Scrolls
 h - a scroll of blinking
Potions
 c - a potion of curing
 e - a potion of haste
 f - 2 potions of magic
 g - a potion of berserk rage


   Skills:
 + Level 11.4 Fighting
 + Level 12.4 Maces & Flails
 - Level 2.4 Dodging


You had 7 spell levels left.
You didn't know any spells.
Your spell library was empty.

Dungeon Overview and Level Annotations

Branches:
Dungeon (1/1)

Altars:
Makhleb
Sif Muna
Vehumet
Wu Jian
Xom
Jiyva
Lugonu


Innate Abilities, Weirdness & Mutations

You are too large for most types of armour.
You have claws for hands.
Your natural rate of healing is unusually fast.
You are covered in fur. (AC +1)
You have tough skin. (AC +1)


Message History

The demonic crawler gives a hideous shriek! x3
Your skin crawls.
You feel strong-willed. The demonic crawler closely misses you.
The demonic crawler hits you. The demonic crawler hits you!
A red film seems to cover your vision as you go berserk!
You feel yourself moving faster!
You feel mighty! The demonic crawler hits you! x2
The demonic crawler hits you. The demonic crawler hits you! x3
The demonic crawler hits you. The demonic crawler barely misses you.
The demonic crawler misses you.
You bludgeon the demonic crawler!!
The demonic crawler is heavily wounded.
The demonic crawler hits you but does no damage.
The demonic crawler hits you. The demonic crawler hits you!
The demonic crawler hits you but does no damage.
The demonic crawler misses you. The demonic crawler hits you!
* * * LOW HITPOINT WARNING * * *
You bludgeon the demonic crawler!!
The demonic crawler is almost dead.
The demonic crawler hits you!
* * * LOW HITPOINT WARNING * * *
The demonic crawler closely misses you. The demonic crawler hits you!
* * * LOW HITPOINT WARNING * * *
The demonic crawler barely misses you.
The demonic crawler hits you but does no damage.
The demonic crawler hits you!
* * * LOW HITPOINT WARNING * * *
You beat the demonic crawler like a drum!!!
You kill the demonic crawler!
Trog accepts your kill.
Your Fighting skill increases to level 11!
Your Maces & Flails skill increases to level 12!
Unknown command.
You are too berserk!
You bludgeon the demonic crawler!!
The demonic crawler is heavily wounded.
The demonic crawler hits you!
* * * LOW HITPOINT WARNING * * *
The demonic crawler barely misses you. The demonic crawler hits you.
You die...

##################
.#.)'..#__#..')..#
.'..#..'..'..#).†##+#
'#####'#__####..@ss.#
.#...#.#### #####s.+
##..##:# ## ##'#_.+
+..._# #_.#+# ##+#


You could see 3 demonic crawlers.

Vanquished Creatures
  A demonic crawler (D)
  2 kobold demonologists (D)
  A slime creature (D)
  Sigmund (D)
  A floating eye (D)
  An ogre (D)
  A jelly (D)
  Ijyb (D)
9 creatures vanquished.

Notes
Turn   | Place    | Note
-------+----------+-------------------------------------------
     0 | D        | testman the Troll Berserker began the quest for the Orb.
     0 | D        | Reached XP level 1. HP: 22/22 MP: 0/0
     1 | D        | Noticed Ijyb
    60 | D        | Killed Ijyb
    61 | D        | Reached skill level 4 in Maces & Flails
    61 | D        | Reached XP level 2. HP: 17/32 MP: 1/1
    75 | D        | Noticed an ogre
    80 | D        | Killed an ogre
    81 | D        | Reached skill level 5 in Fighting
    81 | D        | Reached skill level 6 in Maces & Flails
    81 | D        | Reached XP level 3. HP: 44/44 MP: 2/2
    81 | D        | Reached XP level 4. HP: 52/52 MP: 3/3
   116 | D        | Noticed Sigmund
   125 | D        | Killed Sigmund
   125 | D        | Reached ** piety under Trog
   126 | D        | Reached skill level 8 in Maces & Flails
   126 | D        | Reached XP level 5. HP: 54/63 MP: 4/4
   144 | D        | Found an ornate altar of the Wu Jian Council.
   144 | D        | Found a shimmering blue altar of Sif Muna.
   146 | D        | Found a radiant altar of Vehumet.
   151 | D        | Reached XP level 6. HP: 71/72 MP: 5/5
   172 | D        | Found a burning altar of Makhleb.
   172 | D        | Found a viscous altar of Jiyva.
   172 | D        | Found a shimmering altar of Xom.
   172 | D        | Found a corrupted altar of Lugonu.
   172 | D        | Noticed a slime creature
   179 | D        | Killed a slime creature
   180 | D        | Reached skill level 9 in Maces & Flails
   206 | D        | Noticed a kobold demonologist
   206 | D        | Noticed a floating eye
   206 | D        | Noticed a kobold demonologist
   208 | D        | Paralysed by a floating eye for 3 turns
   211 | D        | Killed a floating eye
   212 | D        | Reached skill level 10 in Maces & Flails
   212 | D        | Reached XP level 7. HP: 83/83 MP: 6/6
   219 | D        | Killed a kobold demonologist
   219 | D        | Reached *** piety under Trog
   220 | D        | Reached skill level 10 in Fighting
   220 | D        | Reached skill level 11 in Maces & Flails
   228 | D        | Noticed a neqoxec
   233 | D        | Noticed a sixfirhy
   235 | D        | HP: 3/87 [kobold demonologist/+0 dagger (3)]
   236 | D        | Killed a kobold demonologist
   237 | D        | Reached XP level 8. HP: 5/96 MP: 7/7
   312 | D        | Noticed a demonic crawler
   312 | D        | Noticed a demonic crawler
   312 | D        | Noticed a demonic crawler
   312 | D        | Noticed a demonic crawler
   316 | D        | HP: 6/144 [demonic crawler (14)]
   317 | D        | Killed a demonic crawler
   318 | D        | Reached skill level 12 in Maces & Flails
   318 | D        | HP: 1/145 [demonic crawler (9)]
   318 | D        | Slain by a demonic crawler

Illustrated notes

Levels and vault maps discovered:
D:        dungeon_sprint_1 [red_sonja_temple_1, red_sonja_temple_small_1]

Skill      XL: |  1  2  3  4  5  6  7  8 |
---------------+-------------------------+-----
Fighting       | 4 5 7 8 9 10 11 | 11.4
Maces & Flails | 4 6 8 10 11 12 | 12.4
Dodging        | |  2.4

Action                     |  1- 3 |  4- 6 |  7- 9 || total
---------------------------+-------+-------+-------++-------
  Melee: Mace              |    33 |       |       ||    33
         Giant club        |       |    16 |    27 ||    43
 Invoke: Berserk           |     1 |     1 |     1 ||     3
         Trog's Hand       |       |     1 |     1 ||     2
    Use: Potion            |       |       |     1 ||     1
 Armour: Animal skin       |     8 |       |     9 ||    17
  Dodge: Dodged            |    21 |     8 |    24 ||    53

Table legend: (Time is in decaauts)
 A = Elapsed time spent in this place.
 B = Non-inter-level travel time spent in this place.
 C = Inter-level travel time spent in this place.
 D = Time resting spent in this place.
 E = Time spent auto-exploring this place.
 F = Levels seen in this place.
 G = Mean time per level.
                   A        B        C        D        E       F      G
               +--------+--------+--------+--------+--------+-----+--------+
         Total |    343 |    343 |      0 |    130 |      0 |   1 |  343.0 |
       Dungeon |    343 |    343 |      0 |    130 |      0 |   1 |  343.0 |
               +--------+--------+--------+--------+--------+-----+--------+

Top non-repeatable levels by time:
       D: 343 daAuts
